 Dungeon Crawl Stone Soup version 0.25.0-9-g26727b657a (webtiles) character file.

Game seed: 5545146863096326389

163 Peloso the Shield-Bearer (level 5, -5/47 HPs)
             Began as a Minotaur Fighter on June 20, 2020.
             Slain by an ogre
             ... wielding a +0 giant club
              (24 damage)
             ... on level 4 of the Dungeon.
             The game lasted 00:04:58 (2481 turns).

Peloso the Shield-Bearer (Minotaur Fighter)         Turns: 2481, Time: 00:04:58

Health: -5/47      AC:  9    Str: 20    XL:     5   Next: 20%
Magic:  4/4        EV:  5    Int:  5    God:
Gold:   142        SH: 10    Dex: 11    Spells: 4/4 levels left

rFire    . . .     SeeInvis .   a - +0 long sword
rCold    . . .     Gourm    .   c - +1 kite shield
rNeg     . . .     Faith    .   i - +0 chain mail
rPois    .         Spirit   .   (helmet restricted)
rElec    .         Reflect  .   (no cloak)
rCorr    .         Harm     .   (no gloves)
MR       .....                  (no boots)
Stlth    ..........             (no amulet)
HPRegen  0.15/turn              (no ring)
MPRegen  0.09/turn              (no ring)

@: no status effects
A: retaliatory headbutt, horns 2
a: no special abilities


You were on level 4 of the Dungeon.
You were not hungry.

You visited 1 branch of the dungeon, and saw 4 of its levels.

You collected 142 gold pieces.

Inventory:

Hand Weapons
 a - a +0 long sword (weapon)
Armour
 b - a +0 scale mail
 c - a +1 kite shield (worn)
 i - a +0 chain mail (worn)
Jewellery
 l - an uncursed ring of protection from fire {unknown}
 n - an uncursed ring of stealth {unknown}
 q - a +4 ring of protection {unknown}
 u - an uncursed ring of stealth {unknown}
Wands
 h - a wand of polymorph (5)
Scrolls
 e - a scroll of identify
 j - a scroll of blinking
 k - 3 scrolls of teleportation {unknown}
 m - a scroll of random uselessness {unknown}
 s - a scroll of remove curse
 t - a scroll of fog {unknown}
Potions
 d - a potion of might
 o - a potion of invisibility {unknown}
 p - 2 potions of degeneration {unknown}
 r - a potion of haste {unknown}
Comestibles
 f - 6 rations
 g - 10 chunks of flesh


   Skills:
 + Level 4.3 Fighting
 + Level 4.4 Long Blades
 + Level 4.0 Armour
 + Level 0.3 Dodging
 + Level 0.5 Stealth
 + Level 4.7 Shields
 + Level 1.1 Unarmed Combat


You had 4 spell levels left.
You didn't know any spells.
Your spell library was empty.

Dungeon Overview and Level Annotations

Branches:
Dungeon (4/15)
 Temple: D:4-7

Altars:
Ashenzari
Trog


Innate Abilities, Weirdness & Mutations

You reflexively headbutt those who attack you in melee.
You have a pair of horns on your head.


Message History

There is a stone staircase leading down here.
You climb downwards.
An adder and an ogre come into view.
The adder hisses angrily.
The ogre shouts!
You hear a loud, deep croak!
Found a ration, a hand axe, 12 stones and a scroll of magic mapping.
There is a stone staircase leading up here.
A bullfrog comes into view.
You hit the ogre but do no damage. You headbutt the ogre.
The ogre is lightly wounded.
The ogre hits you with a +0 giant club!
Your shield and chain mail prevent you from hitting the ogre.
The ogre is lightly wounded.
The adder bites you.
The ogre hits you with a +0 giant club!!
You hit the ogre. You headbutt the ogre.
The ogre is moderately wounded.
The adder bites you but does no damage. x2
The ogre hits you with a +0 giant club!!
Ouch! That really hurt!
You die...

....
....#+########
.............#
.....?.......#
.............#
............(#
#.F.OS....#
#...@.....#
#.........#
#.....<...#
#...%.....#
#.......).#
###########


You could see an ogre, a bullfrog and an adder.

Vanquished Creatures
  Jessica (D:2)
  6 adders
  2 dart slugs
  4 leopard geckos
  6 orcs
  A ball python (D:1)
  8 bats
  A giant cockroach (D:1)
  6 goblins
  9 hobgoblins
  3 jackals (D:1)
  A quokka (D:2)
  3 frilled lizards
  5 kobolds
  13 rats
69 creatures vanquished.

Notes
Turn   | Place    | Note
-------+----------+-------------------------------------------
     0 | D:1      | Peloso the Minotaur Fighter began the quest for the Orb.
     0 | D:1      | Reached XP level 1. HP: 19/19 MP: 0/0
   180 | D:1      | Reached XP level 2. HP: 24/27 MP: 1/1
   524 | D:1      | Reached XP level 3. HP: 23/33 MP: 2/2
   918 | D:2      | Noticed Jessica
   920 | D:2      | Noticed a moth of wrath
   976 | D:2      | Killed Jessica
   976 | D:2      | Reached XP level 4. HP: 39/40 MP: 3/3
   999 | D:2      | Found a bloodstained altar of Trog.
  1861 | D:3      | Reached skill level 1 in Unarmed Combat
  1994 | D:3      | Reached XP level 5. HP: 47/47 MP: 4/4
  2149 | D:3      | Found a shattered altar of Ashenzari.
  2476 | D:4      | Noticed an ogre
  2481 | D:4      | Slain by an ogre

Illustrated notes

Levels and vault maps discovered:
D:1:      roderic_octagonal_star, layout_rooms, kennysheep_small_spiral
D:2:      layout_loops_corners, tgw_trog, uniq_jessica
D:3:      layout_loops_ring, ashenzari_conservatory_becter
D:4:      layout_basic, elyvilon_altar_5, kiku_gazebo_pond_becter,
          minmay_temple_entry_gardened_gates, minmay_misc_feat_ornament

Skill      XL: |  1  2  3  4 |
---------------+-------------+-----
Fighting       | 4 |  4.3
Shields        | 4 |  4.7
Long Blades    | 3 4 |  4.4
Armour         | 4 |  4.0
Unarmed Combat | 1 |  1.1
Dodging        | |  0.3
Stealth        | |  0.5

Action                   |  1- 3 |  4- 6 || total
-------------------------+-------+-------++-------
Melee: Long sword        |    86 |    80 ||   166
       Headbutt          |     8 |    13 ||    21
       Unarmed           |     5 |       ||     5
  Use: Scroll            |     5 |       ||     5
       Potion            |       |     1 ||     1
  Eat: Chunk             |       |     5 ||     5
Armor: Scale mail        |    15 |       ||    15
       Chain mail        |    37 |    30 ||    67
Dodge: Dodged            |    36 |    20 ||    56
Block: Kite shield       |    64 |    65 ||   129
       Rpst.: Long sword |     8 |     6 ||    14
